 Dungeon Crawl Stone Soup version 0.24-a0-809-g71cb82dfb8 (webtiles) character file.

Game seed: 11229670547826764600, levelgen mode: deterministic

61 Arixos the Charlatan (level 3, 0/27 HPs)
             Began as a Mummy Artificer on Oct 11, 2019.
             Slain by an adder (3 damage)
             ... on level 2 of the Dungeon.
             The game lasted 00:07:29 (2024 turns).

Arixos the Charlatan (Mummy Artificer)              Turns: 2024, Time: 00:07:30

Health: 0/27       AC: 10    Str: 16    XL:     3   Next: 83%
Magic:  5/5        EV:  5    Int: 10    God:
Gold:   127        SH:  0    Dex:  9    Spells: 2/2 levels left

rFire    x . .     SeeInvis .   m - +0 quarterstaff
rCold    + . .     Gourm    .   (shield currently unavailable)
rNeg     + + +     Faith    .   k - +0 plate armour
rPois    ∞         Spirit   .   (no helmet)
rElec    .         Reflect  .   (no cloak)
rCorr    .         Harm     .   (no gloves)
MR       .....                  (no boots)
Stlth    ..........             (no amulet)
HPRegen  0.09/turn              i - -3 ring of dexterity (curse)
MPRegen  0.09/turn              (no ring)

@: no status effects
A: no food or potions, fire vulnerability, cold resistance 1, negative energy
resistance 3, torment resistance, unbreathing
a: no special abilities


You were on level 2 of the Dungeon.
You were not hungry.

You visited 1 branch of the dungeon, and saw 2 of its levels.

You collected 127 gold pieces.

Inventory:

Hand Weapons
 m - a +0 quarterstaff (weapon)
Missiles
 h - 10 poisoned darts (quivered)
Armour
 k - a +0 plate armour (worn)
Jewellery
 i - a cursed -3 ring of dexterity (left hand)
Wands
 c - a wand of flame (15)
 d - a wand of enslavement (15)
 e - a wand of random effects (15)
Scrolls
 a - 5 scrolls of identify {unknown}
 b - a scroll of immolation {unknown}
 f - 3 scrolls of enchant weapon {unknown}
 j - a scroll of remove curse {unknown}
 l - a scroll of fear {unknown}


   Skills:
 + Level 2.0 Fighting
   Level 0.7 Short Blades
 + Level 1.2 Armour
 + Level 2.1 Dodging
 - Level 0.7 Stealth
 + Level 2.9 Evocations


You had 2 spell levels left.
You didn't know any spells.
Your spell library was empty.

Dungeon Overview and Level Annotations

Branches:
Dungeon (2/15)

Altars:


Innate Abilities, Weirdness & Mutations

You do not eat or drink.
Your flesh is vulnerable to fire.
You are immune to poison.
Your flesh is cold resistant. (rC+)
You are immune to negative energy. (rN+++)
You are immune to unholy pain and torment.
You can survive without breathing.


Message History

The adder is moderately wounded.
The adder bites you but does no damage. The adder bites you.
* * * LOW HITPOINT WARNING * * *
You closely miss the adder.
The adder is moderately wounded.
The adder completely misses you. The adder bites you.
* * * LOW HITPOINT WARNING * * *
A worm comes into view.
A kobold comes into view. It is wielding a +0 dagger.
The kobold shouts!
Found a scroll labeled MADUHI QEAQIGALEJ.
The adder barely misses you. x2
The adder bites you but does no damage. The adder bites you.
* * * LOW HITPOINT WARNING * * *
The adder bites you but does no damage.
Your plate armour prevents you from hitting the adder.
The adder is lightly wounded.
The adder bites you.
You die...

...(.....)..=....##.......#
####....####.....####..####
......### #..##.#....##
.....## ####.###.#.#.##
.....####....###...#.#
.....##..........###.#
.....##.##..####.# #.#
...........## #.# #.#
.......##### #@# #.#
.......# #S# #.#
.....####.....?#.# #.#
....## #......#.#
###.#####.K.w..#.#
...............#K#
###.#####......#.# #.# .>..
#.# #.# #.###.###


You could see an adder and a kobold.

Vanquished Creatures
  2 adders (D:2)
  3 worms (D:2)
  A dart slug (D:1)
  2 leopard geckos (D:2)
  2 bats (D:2)
  2 giant cockroaches (D:2)
  4 goblins
  3 hobgoblins
  3 kobolds
  A quokka (D:2)
  A frilled lizard (D:1)
  A leopard gecko skeleton (D:2)
  4 rats
29 creatures vanquished.

Notes
Turn   | Place    | Note
-------+----------+-------------------------------------------
     0 | D:1      | Arixos the Mummy Artificer began the quest for the Orb.
     0 | D:1      | Reached XP level 1. HP: 15/15 MP: 2/2
   900 | D:1      | Reached XP level 2. HP: 21/21 MP: 3/3
  1507 | D:2      | Reached skill level 1 in Armour
  1507 | D:2      | Reached XP level 3. HP: 23/27 MP: 5/5
  2024 | D:2      | Slain by an adder

Levels and vault maps discovered:
D:1:      noname_arrival_rooms_in_the_neighbourhood, layout_loops_ring,
          item_on_display_a
D:2:      layout_rooms

Skill      XL: |  1  2  3 |
---------------+----------+-----
Dodging        | 2 |  2.1
Armour         | 1 |  1.2
Fighting       | 2 |  2.0
Short Blades   | |  0.7
Stealth        | |  0.7
Evocations     | |  2.9

Action                   || total
-------------------------++-------
Melee: Mace              ||    85
       Short sword       ||     2
       Quarterstaff      ||    54
Armor: Leather armour    ||     3
       Ring mail         ||    20
       Plate armour      ||    66
Dodge: Dodged            ||    64

Table legend:
 A = Non-vault XP
 B = Vault XP
 C = Vault XP percentage of total XP
 D = Non-vault monster count
 E = Vault monster count
 F = Vault count percentage of total count
                 A         B        C        D         E       F
            +---------+---------+-------+---------+---------+-------
      Total |      88 |       0 |   0.0 |      29 |       0 |   0.0
            +---------+---------+-------+---------+---------+-------
        D:1 |      16 |       0 |   0.0 |       8 |       0 |   0.0
        D:2 |      72 |       0 |   0.0 |      21 |       0 |   0.0
            +---------+---------+-------+---------+---------+-------
